 Dungeon Crawl Stone Soup version 0.28-a0-697-g47f3eba078 (webtiles) character file.

Game seed: 5364545749137101862

1073 quinnr the Zephyrmancer (level 8, 0/45 HPs)
             Began as a Tengu Air Elementalist on Oct 23, 2021.
             Slain by a wraith (3 damage)
             ... on level 9 of the Dungeon.
             The game lasted 00:14:15 (7056 turns).

quinnr the Zephyrmancer (Tengu Air Elementalist)    Turns: 7056, Time: 00:14:15

Health: 0/45       AC:  6    Str:  9    XL:     8   Next: 28%
Magic:  1/15       EV: 16    Int: 18    God:
Gold:   192        SH:  6    Dex: 20    Spells: 10/15 levels left

rFire   + . .      SeeInvis +   p - staff of poison
rCold   . . .      Faith    .   v - +0 buckler
rNeg    . . .      Spirit   .   n - +2 leather armour {rF+}
rPois   +          Reflect  .   (helmet restricted)
rElec   .          Harm     .   s - +0 cloak
rCorr   .          Rampage  .   (no gloves)
Will    .....                   (boots unavailable)
Stlth   ++........              (no amulet)
HPRegen 0.15/turn               j - +6 ring of dexterity
MPRegen 0.14/turn               h - ring of see invisible

@: mighty, flying quickly and evasively, slowed, very slow
A: beak, talons 3, nimble flight
a: no special abilities


You were on level 9 of the Dungeon.
You visited 1 branch of the dungeon, and saw 7 of its levels.

You collected 276 gold pieces.
You spent 84 gold pieces at shops.

Inventory:

Missiles
 t - 31 poisoned darts
Armour
 a - a +0 robe
 n - a +2 leather armour of fire resistance (worn)
 s - a +0 cloak (worn)
 v - a +0 buckler (worn)
Magical Staves
 p - a staff of poison (weapon)
 x - a staff of earth
Jewellery
 h - a ring of see invisible (right hand)
 j - a +6 ring of dexterity (left hand)
Wands
 m - a wand of charming (7)
 u - a wand of paralysis (6)
Scrolls
 b - 2 scrolls of enchant weapon
 c - a scroll of immolation
 d - a scroll of vulnerability {unknown}
 e - a scroll of amnesia {unknown}
 f - a scroll of teleportation
 k - a scroll of magic mapping {unknown}
 l - 3 scrolls of noise {unknown}
 w - a scroll of holy word {unknown}
Potions
 g - 2 potions of flight
 i - a potion of heal wounds
 q - a potion of curing
 r - a potion of resistance


   Skills:
 + Level 2.6 Fighting
 - Level 2.0 Armour
 + Level 3.5 Dodging
 - Level 3.0 Stealth
 - Level 4.0 Shields
 - Level 4.0 Spellcasting
 - Level 2.0 Conjurations
 + Level 8.3 Air Magic


You had 10 spell levels left.
You knew the following spells:

 Your Spells              Type           Power      Damage    Failure   Level
a - Shock                 Conj/Air       88%        1d8       2%          1
b - Airstrike             Air            16%        N/A       7%          4

Your spell library contained the following spells:

 Spells                   Type           Power      Damage    Failure   Level
 Swiftness                Air            33%        N/A       1%          3
 Static Discharge         Conj/Air       22%        N/A       3%          2
 Foxfire                  Conj/Fire      28%        2x1d5     13%         1
 Ensorcelled Hibernation  Hex/Ice        6%         N/A       30%         2
 Conjure Flame            Conj/Fire      7%         6-21      36%         3
 Dazzling Flash           Conj/Hex       14%        N/A       36%         3
 Gell's Gravitas          Tloc           1%         N/A       52%         3
 Inner Flame              Hex/Fire       3%         N/A       52%         3
 Teleport Other           Tloc           3%         N/A       52%         3
 Tukima's Dance           Hex            3%         N/A       52%         3
 Silence                  Hex/Air        9%         N/A       71%         5
 Flame Wave               Conj/Fire      7%         3d4       78%         4
 Sticky Flame             Conj/Fire      7%         2d3       78%         4
 Dispel Undead            Necr           3%         3d7       89%         4
 Agony                    Necr           3%         N/A       99%         5
 Dispersal                Tloc           1%         N/A       100%        6


Dungeon Overview and Level Annotations

Branches:
Dungeon (6/15)
 Temple: D:4-7

Altars:
Fedhas
Trog

Shops:
D:2 **   D:3 (

Annotations:
D:4 1 runed translucent door, siradein's ghost, novice DsGl


Innate Abilities, Weirdness & Mutations

You have a beak for a mouth.
You have claws for feet.
Your magical nature lets you fly swiftly and evasively.


Message History

You hit the wraith but do no damage. You peck the wraith, but do no damage.
The wraith is heavily damaged.
The wraith misses you. The wraith barely misses you.
Unknown command.
Okay, then.
It was a potion of flight.
You feel more buoyant. You block the wraith's attack.
Unknown command.
It was a potion of might.
You feel very mighty all of a sudden. The wraith misses you.
The wraith completely misses you.
Unknown command.
You closely miss the wraith. You peck the wraith, but do no damage.
The wraith is heavily damaged.
You block the wraith's attack. The wraith hits you!
* * * LOW HITPOINT WARNING * * *
You are too injured to fight recklessly!
You hit the wraith. You claw the wraith!
The wraith is severely damaged.
The wraith hits you!
* * * LOW HITPOINT WARNING * * *
The wraith drains your vigour!
You feel as though you will be slow longer.
Casting: Shock (safe; 2% risk of failure)
Confirm with . or Enter, or press ? or * to list all spells.
Aiming: Shock (safe; 2% risk of failure)
Press: ? - help, Shift-Dir - straight line, f/p - wraith
Aim: a wraith (severely damaged, 74% to hit)
The zap hits the wraith but does no damage.
The wraith is severely damaged.
The zap hits the wraith but does no damage.
The wraith is severely damaged.
The wraith barely misses you. x2
Unknown command.
Unknown command.
You hit the wraith.
The wraith is almost destroyed.
The wraith barely misses you. The wraith hits you.
You die...

########
###
#Y.....#
##.##
#B.$...#
##...##
#..##$.#
##....)##
#.$##..+
+..#.#..#
#......#
#.@.#...#
#...[..+
#.W#.#..#
#+######
##.....##
#.....#
#####'#
....
.#.#..
#.$$$.# #


l#W # You could see a wraith.

Vanquished Creatures
  A wyvern (D:9)
  An ice beast (D:4)
  An ogre (D:5)
  2 centaurs
  A phantom (D:5)
  A scorpion (D:5)
  A howler monkey (D:4)
  A bullfrog zombie (D:5)
  3 hounds
  Ijyb (D:3)
  3 iguanas
  An orc wizard (D:3)
  2 river rats (D:4)
  5 adders
  A white imp (D:5)
  2 worms
  3 dart slugs (D:1)
  9 orcs
  10 endoplasms
  6 giant cockroaches
  9 goblins
  10 hobgoblins
  3 quokkas
  3 ball pythons
  6 bats
  A frilled lizard (D:2)
  10 kobolds
  3 rats
100 creatures vanquished.

Notes
Turn   | Place    | Note
-------+----------+-------------------------------------------
     0 | D:1      | quinnr the Tengu Air Elementalist began the quest for the
                  | Orb.
     0 | D:1      | Reached XP level 1. HP: 10/10 MP: 4/4
   290 | D:1      | Reached XP level 2. HP: 13/15 MP: 0/6
   430 | D:1      | Reached skill level 5 in Air Magic
   484 | D:1      | Found a faded altar of an unknown god.
   822 | D:1      | Reached XP level 3. HP: 19/19 MP: 3/7
  1455 | D:2      | Found a bloodstained altar of Trog.
  1510 | D:2      | Reached skill level 6 in Air Magic
  1696 | D:2      | Reached XP level 4. HP: 24/24 MP: 5/8
  2095 | D:2      | Found Caum's General Store.
  2208 | D:2      | Found Ochaeclu's Assorted Antiques.
  2218 | D:2      | Bought a scroll labelled BEMPOM SOADU for 28 gold pieces
  2218 | D:2      | Bought a scroll labelled MONIAM RAS for 28 gold pieces
  2218 | D:2      | Bought a scroll labelled XEVOLU ADULA for 28 gold pieces
  3001 | D:3      | Found Ryumn's Antique Weapon Shop.
  3053 | D:3      | Reached skill level 7 in Air Magic
  3238 | D:3      | Gained mutation: Your magical nature lets you fly swiftly
                  | and evasively. [Tengu growth]
  3238 | D:3      | Reached XP level 5. HP: 15/28 MP: 1/9
  3451 | D:3      | Noticed Ijyb
  3463 | D:3      | Killed Ijyb
  3902 | D:4      | Noticed an ice beast
  3911 | D:4      | Killed an ice beast
  3912 | D:4      | Reached skill level 1 in Fighting
  3912 | D:4      | Reached skill level 8 in Air Magic
  3912 | D:4      | Reached XP level 6. HP: 21/34 MP: 2/10
  4064 | D:4      | Reached skill level 1 in Armour
  4133 | D:4      | Found a runed translucent door.
  4187 | D:4      | Found a runed translucent door.
  4188 | D:4      | Noticed siradein's ghost (novice DsGl)
  4229 | D:4      | Found a blossoming altar of Fedhas.
  4832 | D:5      | Entered Level 5 of the Dungeon
  5143 | D:5      | Learned a level 4 spell: Airstrike
  5185 | D:5      | Reached XP level 7. HP: 33/39 MP: 1/12
  5656 | D:5      | Reached skill level 1 in Shields
  6387 | D:5      | Reached XP level 8. HP: 44/44 MP: 8/15
  6935 | D:6      | You are sucked into a shaft and drop 3 floors!
  6935 | D:9      | Noticed a yak
  6935 | D:9      | Noticed a boulder beetle
  7024 | D:9      | Noticed a wyvern
  7024 | D:9      | Noticed a wraith
  7035 | D:9      | Killed a wyvern
  7054 | D:9      | HP: 3/45 [wraith (11)]
  7056 | D:9      | Slain by a wraith

Illustrated notes

Levels and vault maps discovered:
D:1:      dpeg_arrival_yet_another_circle, layout_loops_ring,
          hellmonk_ecumenical_altar_zigzags, minmay_small_reverse_x
D:2:      layout_loops_ring, serial_shops, nicolae_shop_behind_doors,
          nicolae_shop_stone, basic_altar
D:3:      layout_loops_ring, serial_shops, nicolae_lakefront_shop, uniq_ijyb
D:4:      layout_rooms, fedhas_altar_4, ebering_ghost_sewer_f,
          kennysheep_another_room
D:5:      layout_layer_cave, uniq_crazy_yiuf_cottage
D:6:      layout_basic, minmay_misc_feat_room
D:9:      minmay_polygon_palace, layout_layer_cave,
          hellmonk_ghost_happy_afterlife

Skill      XL: |  1  2  3  4  5  6  7  8 |
---------------+-------------------------+-----
Air Magic      | 5 6 7 8 |  8.3
Fighting       | 1 2 |  2.6
Armour         | 2 |  2.0
Dodging        | 3 |  3.5
Stealth        | 3 |  3.0
Spellcasting   | 4 |  4.0
Shields        | 3 4 |  4.0
Conjurations   | 2 |  2.0

Action                   |  1- 3 |  4- 6 |  7- 9 || total
-------------------------+-------+-------+-------++-------
Melee: Unarmed           |    12 |     4 |       ||    16
       Kick              |     3 |     1 |     6 ||    10
       Peck              |     2 |     6 |     6 ||    14
       Staff             |       |     9 |    15 ||    24
 Cast: Shock             |    57 |   173 |    57 ||   287
       Airstrike         |       |       |     5 ||     5
Evoke: Wand              |       |     1 |       ||     1
  Use: Scroll            |       |     5 |     1 ||     6
       Potion            |       |     1 |     4 ||     5
Armor: Robe              |     4 |     3 |       ||     7
       Leather armour    |       |    10 |     9 ||    19
Dodge: Dodged            |    23 |    47 |    37 ||   107
Block: Buckler           |       |       |    13 ||    13

Table legend: (Time is in decaauts)
 A = Elapsed time spent in this place.
 B = Non-inter-level travel time spent in this place.
 C = Inter-level travel time spent in this place.
 D = Time resting spent in this place.
 E = Time spent auto-exploring this place.
 F = Levels seen in this place.
 G = Mean time per level.
                   A        B        C        D        E       F      G
               +--------+--------+--------+--------+--------+-----+--------+
         Total |   6872 |   6662 |    210 |    959 |   4874 |   7 |  981.7 |
       Dungeon |   6872 |   6662 |    210 |    959 |   4874 |   7 |  981.7 |
               +--------+--------+--------+--------+--------+-----+--------+

Top non-repeatable levels by time:
     D:5: 1679 daAuts
     D:1: 1420 daAuts
     D:3: 1314 daAuts
     D:4: 1236 daAuts
     D:2: 1087 daAuts
     D:9: 130 daAuts
     D:6: 5 daAuts
